Match 40218083
Unlisted

Match 40218083
End
Construct Section Command Post
Vickers Machine Gun Team
Dingo Light Scout Car
ML 3-inch Mortar Team
Selects Canadian Shock Battlegroup
Selects Attacking Spirit
Selects Canadian Shock Section
Canadian Shock Section
Construct Platoon Command Post
Canadian Shock Section
6-pounder Anti-tank Gun Team
Construct Field Infirmary
Selects Smoke Operation
Canadian Shock Section
Construct Company Command Post
Unlock M3 Grant Medium Tanks
6-pounder Anti-tank Gun Team
Selects Burnout
Selects Pyrotechnics
Burnout
CMP 15cwt Truck
M3 Grant Medium Tank
M3 Grant Medium Tank
Canadian Shock Section
Royal Engineer Section
M3 Grant Medium Tank
Burnout
M3 Grant Medium Tank
Selects Churchill Crocodile Heavy Tank
Royal Engineer Section
Starfucker
CantCNC
roland8510
L3kst3rD3kst3r
Kwarzym
Losttruppen
Fries
nikola94srb
0
0

Comments sign in to comment!

No comments posted yet!